HSSL
OVERLAND PARK HS TRIPLETS @ BISHOP AMAT HS
04/24/2026
 
TOP OF THE 1ST
Overland Park HS Triplets batting - Pitching for Bishop Amat HS : RHP Tim Wagner
Pitching: RHP Tim Wagner
Batting: LHB John Washington 0-0: Foul Ball, location: 2F
0-1: Ground out 4-3 (Groundball, 4)
Batting: RHB T.J. Kaufman 0-0: Ball
1-0: Ball
2-0: Foul Ball, location: 2F
2-1: Ball
3-1: Called Strike
3-2: Base on Balls
Batting: RHB Matt Bascombe 0-0: Swinging Strike
0-1: Ball
1-1: Called Strike
1-2: Strikes out swinging
Batting: RHB Jesús Arévalo 0-0: Foul Ball, location: 2F
0-1: Fielders Choice at 2nd, U6 (Groundball, 6M)
Top of the 1st over - 0 run(s), 0 hit(s), 0 error(s), 1 left on base; Overland Park HS 0 - Bishop Amat HS 0
BOTTOM OF THE 1ST
Bishop Amat HS batting - Pitching for Overland Park HS Triplets : RHP Danny Anderson
Pitching: RHP Danny Anderson
Batting: RHB Lou Perry 0-0: Called Strike
0-1: Ball
1-1: Called Strike
1-2: Ball
2-2: Foul Ball, location: 2F
2-2: Strikes out swinging
Batting: RHB Ken Pérez 0-0: Fly out, F8 (Flyball, 8LM)
Batting: LHB Mathew Clayton 0-0: Ball
1-0: Swinging Strike
1-1: Swinging Strike
1-2: Ball
2-2: Ball
3-2: Foul Ball, location: 2F
3-2: Base on Balls
Batting: RHB Edison Knight 0-0: Ball
1-0: Called Strike
1-1: Fly out, F6 (Line Drive, 6)
Bottom of the 1st over - 0 run(s), 0 hit(s), 0 error(s), 1 left on base; Overland Park HS 0 - Bishop Amat HS 0
TOP OF THE 2ND
Overland Park HS Triplets batting - Pitching for Bishop Amat HS : RHP Tim Wagner
Batting: RHB Edgardo Morales 0-0: Called Strike
0-1: Ground out 5-3 (Groundball, 5)
Batting: RHB Simon Plante 0-0: Called Strike
0-1: Ball
1-1: Ball
2-1: Swinging Strike
2-2: Foul Ball, location: 2F
2-2: SINGLE (Groundball, 56D)
Batting: RHB Nicolas Fillion 0-0: Called Strike
0-1: Foul Ball, location: 2F
0-2: Foul Ball, location: 2F
0-2: SINGLE (Flyball, 8RS)
Simon Plante to second
Batting: RHB Preston Church 0-0: Ball
1-0: Ball
2-0: Foul Ball, location: 2F
2-1: Foul Ball, location: 2F
2-2: Ball
3-2: Foul Ball, location: 2F
3-2: Strikes out looking
Nicolas Fillion is caught stealing 2nd base
Batter strikes out.
Top of the 2nd over - 0 run(s), 2 hit(s), 0 error(s), 1 left on base; Overland Park HS 0 - Bishop Amat HS 0
BOTTOM OF THE 2ND
Bishop Amat HS batting - Pitching for Overland Park HS Triplets : RHP Danny Anderson
Batting: RHB Jim Norris 0-0: Called Strike
0-1: Ball
1-1: Ball
2-1: Foul Ball, location: 2F
2-2: Foul Ball, location: 2F
2-2: Hit by Pitch
Batting: RHB Steve Bańuelos 0-0: Called Strike
0-1: Swinging Strike
0-2: Foul Ball, location: 2F
0-2: Ball
1-2: Strikes out looking
Batting: RHB Ben Martin 0-0: Foul Ball, location: 2F
0-1: Ball
1-1: Fielders Choice at 2nd, 4-6 (Groundball, 4)
Batting: RHB Andrew Miller 0-0: Called Strike
0-1: Ball
1-1: Swinging Strike
1-2: Ball
2-2: Ball
Ben Martin is caught stealing 2nd base
Bottom of the 2nd over - 0 run(s), 0 hit(s), 0 error(s), 0 left on base; Overland Park HS 0 - Bishop Amat HS 0
TOP OF THE 3RD
Overland Park HS Triplets batting - Pitching for Bishop Amat HS : RHP Tim Wagner
Batting: RHB Lorne McClain 0-0: Called Strike
0-1: Ball
1-1: Ground out 1-3 (Groundball, 13S)
Batting: LHB John Washington 0-0: Fly out, F9 (Flyball, 9M)
Batting: RHB T.J. Kaufman 0-0: Ball
1-0: Foul Ball, location: 2F
1-1: Ball
2-1: Ball
3-1: Base on Balls
Batting: RHB Matt Bascombe 0-0: Fly out, F3 (Popup, 3DF)
Top of the 3rd over - 0 run(s), 0 hit(s), 0 error(s), 1 left on base; Overland Park HS 0 - Bishop Amat HS 0
BOTTOM OF THE 3RD
Bishop Amat HS batting - Pitching for Overland Park HS Triplets : RHP Danny Anderson
Batting: RHB Andrew Miller 0-0: Fly out, F4 (Popup, 3D)
Batting: RHB Alan Williams 0-0: Ball
1-0: Ball
2-0: Called Strike
2-1: Ball
3-1: Base on Balls
Batting: RHB Lou Perry 0-0: Ball
1-0: Swinging Strike
1-1: Called Strike
1-2: Strikes out swinging
Batting: RHB Ken Pérez 0-0: Foul Ball, location: 2F
0-1: Ball
1-1: Foul Ball, location: 2F
1-2: Fly out, F7 (Flyball, 7LMF)
Bottom of the 3rd over - 0 run(s), 0 hit(s), 0 error(s), 1 left on base; Overland Park HS 0 - Bishop Amat HS 0
TOP OF THE 4TH
Overland Park HS Triplets batting - Pitching for Bishop Amat HS : RHP Tim Wagner
Batting: RHB Jesús Arévalo 0-0: Foul Ball, location: 2F
0-1: Called Strike
0-2: SOLO HOME RUN (Flyball, 78XD) (Inside the Park)
Batting: RHB Edgardo Morales 0-0: Ball
1-0: SOLO HOME RUN (Flyball, 7D), Distance : 390 ft
Batting: RHB Simon Plante 0-0: Ball
1-0: Called Strike
1-1: Ball
2-1: SINGLE (Groundball, 34D)
Batting: RHB Nicolas Fillion 0-0: Ball
1-0: Called Strike
1-1: SINGLE (Flyball, 8LM)
Simon Plante to second
Runner from 2nd tries for 3rd, SAFE, no throw or cutoff
Batting: RHB Preston Church 0-0: Ball
1-0: Ball
2-0: Ball
3-0: Called Strike
3-1: SINGLE (Groundball, 34S)
Simon Plante scores
Nicolas Fillion to second
Runner from 2nd tries for 3rd, SAFE, throw made to third
Batting: RHB Lorne McClain 0-0: Fly out, F9 (Popup, 4MD)
Batting: LHB John Washington 0-0: Ball
1-0: Fly out, F2 (Popup, 2LF)
Batting: RHB T.J. Kaufman 0-0: Called Strike
0-1: Foul Ball, location: 2F
0-2: Strikes out swinging
Top of the 4th over - 3 run(s), 5 hit(s), 0 error(s), 2 left on base; Overland Park HS 3 - Bishop Amat HS 0
BOTTOM OF THE 4TH
Bishop Amat HS batting - Pitching for Overland Park HS Triplets : RHP Danny Anderson
Batting: LHB Mathew Clayton 0-0: Ball
1-0: Called Strike
1-1: Foul Ball, location: 2F
1-2: Ground out 4-3 (Groundball, 4)
Batting: RHB Edison Knight 0-0: Ball
1-0: Called Strike
1-1: Ball
2-1: Ground out 6-3 (Groundball, 6M)
Batting: RHB Jim Norris 0-0: Called Strike
0-1: Ball
1-1: DOUBLE (Flyball, 78XD)
Batting: RHB Steve Bańuelos 0-0: Foul Ball, location: 2F
0-1: Ball
1-1: Ball
2-1: Swinging Strike
2-2: Foul Ball, location: 2F
2-2: SINGLE (Line Drive, 3D)
Jim Norris to third
Runner from 3rd tries for Home, SAFE, no throw or cutoff
Batting: RHB Ben Martin 0-0: Swinging Strike
0-1: Called Strike
0-2: Strikes out swinging
Bottom of the 4th over - 1 run(s), 2 hit(s), 0 error(s), 1 left on base; Overland Park HS 3 - Bishop Amat HS 1
TOP OF THE 5TH
Overland Park HS Triplets batting - Pitching for Bishop Amat HS : RHP Tim Wagner
Batting: RHB Matt Bascombe 0-0: Ball
1-0: Ground out 5-3 (Groundball, 5L)
Batting: RHB Jesús Arévalo 0-0: SINGLE (Flyball, 8RM)
Batting: RHB Edgardo Morales 0-0: Ball
1-0: Foul Ball, location: 2F
1-1: Foul Ball, location: 2F
1-2: Fly out, F9 (Flyball, 9S)
Batting: RHB Simon Plante 0-0: Called Strike
0-1: Ball
Jesús Arévalo is caught stealing 2nd base
Top of the 5th over - 0 run(s), 1 hit(s), 0 error(s), 0 left on base; Overland Park HS 3 - Bishop Amat HS 1
BOTTOM OF THE 5TH
Bishop Amat HS batting - Pitching for Overland Park HS Triplets : RHP Danny Anderson
Batting: RHB Andrew Miller 0-0: Called Strike
0-1: Fly out, F5 (Popup, 25F)
Batting: RHB Alan Williams 0-0: Ball
1-0: Fly out, F3 (Popup, 3SF)
Batting: RHB Lou Perry 0-0: Called Strike
0-1: Ball
1-1: Reached on error, E5 (Groundball, 56)
Batting: RHB Ken Pérez 0-0: Foul Ball, location: 2F
0-1: Ball
1-1: Ball
2-1: Called Strike
2-2: Strikes out looking
Bottom of the 5th over - 0 run(s), 0 hit(s), 1 error(s), 1 left on base; Overland Park HS 3 - Bishop Amat HS 1
TOP OF THE 6TH
Overland Park HS Triplets batting - Pitching for Bishop Amat HS : RHP Tim Wagner
Batting: RHB Simon Plante 0-0: Ball
1-0: Called Strike
1-1: SINGLE (Line Drive, 9LS)
Batting: RHB Nicolas Fillion 0-0: Fly out, F7 (Flyball, 78M)
Batting: RHB Preston Church 0-0: Ball
1-0: Ball
2-0: SINGLE (Line Drive, 3)
Simon Plante to second
Pitching: RHP Carlos Fernández
Batting: RHB Lorne McClain 0-0: Foul Ball, location: 2F
0-1: Foul Ball, location: 2F
0-2: Ball
1-2: Foul Ball, location: 2F
1-2: Foul Ball, location: 2F
1-2: Ball
2-2: Strikes out looking
Batting: LHB John Washington 0-0: Swinging Strike
0-1: Swinging Strike
0-2: Ball
1-2: Strikes out swinging
Top of the 6th over - 0 run(s), 2 hit(s), 0 error(s), 2 left on base; Overland Park HS 3 - Bishop Amat HS 1
BOTTOM OF THE 6TH
Bishop Amat HS batting - Pitching for Overland Park HS Triplets : RHP Danny Anderson
Pitching: RHP Will Shelley
Batting: LHB Mathew Clayton 0-0: Ball
1-0: Ball
2-0: SOLO HOME RUN (Line Drive, 7D), Distance : 392 ft
Batting: RHB Edison Knight 0-0: Foul Ball, location: 2F
0-1: Fly out, F8 (Flyball, 8LM)
Batting: RHB Jim Norris 0-0: Ground out 1-3 (Groundball, 15S)
Batting: RHB Steve Bańuelos 0-0: Ground out 4-3 (Groundball, 4)
Bottom of the 6th over - 1 run(s), 1 hit(s), 0 error(s), 0 left on base; Overland Park HS 3 - Bishop Amat HS 2
TOP OF THE 7TH
Overland Park HS Triplets batting - Pitching for Bishop Amat HS : RHP Carlos Fernández
Batting: RHB T.J. Kaufman 0-0: Called Strike
0-1: Ball
1-1: Ball
2-1: Ground out 4-3 (Groundball, 4)
Batting: RHB Matt Bascombe 0-0: Called Strike
0-1: Foul Ball, location: 2F
0-2: Ball
1-2: Strikes out swinging
Batting: RHB Jesús Arévalo 0-0: Called Strike
0-1: Fly out, F5 (Popup, 5S)
Top of the 7th over - 0 run(s), 0 hit(s), 0 error(s), 0 left on base; Overland Park HS 3 - Bishop Amat HS 2
BOTTOM OF THE 7TH
Bishop Amat HS batting - Pitching for Overland Park HS Triplets : RHP Will Shelley
Batting: RHB Ben Martin 0-0: Foul Ball, location: 2F
0-1: Fly out, F4 (Popup, 34)
Batting: RHB Andrew Miller 0-0: Ball
1-0: Foul Ball, location: 2F
1-1: Fly out, F2 (Popup, 2RF)
Batting: RHB Alan Williams 0-0: Called Strike
0-1: Called Strike
0-2: Fly out, F7 (Flyball, 8LM)
Bottom of the 7th over - 0 run(s), 0 hit(s), 0 error(s), 0 left on base; Overland Park HS 3 - Bishop Amat HS 2
TOP OF THE 8TH
Overland Park HS Triplets batting - Pitching for Bishop Amat HS : RHP Carlos Fernández
Batting: RHB Edgardo Morales 0-0: Called Strike
0-1: Swinging Strike
0-2: Ball
1-2: Ball
2-2: Ball
3-2: Strikes out looking
Pitching: RHP Carlos López
Batting: RHB Simon Plante 0-0: Foul Ball, location: 2F
0-1: Foul Ball, location: 2F
0-2: Ball
1-2: Ball
2-2: Foul Ball, location: 2F
2-2: Ground out 5-3 (Groundball, 5)
Batting: RHB Nicolas Fillion 0-0: Called Strike
0-1: Called Strike
0-2: Foul Ball, location: 2F
0-2: Foul Ball, location: 2F
0-2: Ball
1-2: Strikes out swinging
Top of the 8th over - 0 run(s), 0 hit(s), 0 error(s), 0 left on base; Overland Park HS 3 - Bishop Amat HS 2
BOTTOM OF THE 8TH
Bishop Amat HS batting - Pitching for Overland Park HS Triplets : RHP Will Shelley
Pitching: RHP Ronald Crockett
Batting: RHB Lou Perry 0-0: Called Strike
0-1: Called Strike
0-2: Foul Ball, location: 2F
0-2: Fly out, F9 (Popup, 4D)
Pitching: RHP Chris Smith
Batting: RHB Ken Pérez 0-0: Fly out, F2 (Popup, 2RF)
Batting: LHB Mathew Clayton 0-0: Called Strike
0-1: Ball
1-1: DOUBLE (Line Drive, 78S)
Batting: RHB Edison Knight 0-0: Called Strike
0-1: Swinging Strike
0-2: Strikes out swinging
Bottom of the 8th over - 0 run(s), 1 hit(s), 0 error(s), 1 left on base; Overland Park HS 3 - Bishop Amat HS 2
TOP OF THE 9TH
Overland Park HS Triplets batting - Pitching for Bishop Amat HS : RHP Carlos López
Batting: RHB Preston Church 0-0: Ball
1-0: Called Strike
1-1: SINGLE (Groundball, 56D)
Batting: RHB Lorne McClain 0-0: Ball
1-0: Foul Ball, location: 2F
1-1: Called Strike
1-2: Foul Ball, location: 2F
1-2: Foul Ball, location: 2F
1-2: Ball
2-2: Fly out, F9 (Flyball, 89M)
Batting: LHB John Washington 0-0: Foul Ball, location: 2F
0-1: Ball
1-1: Ball
2-1: Called Strike
2-2: Ball
3-2: Foul Ball, location: 2F
3-2: Base on Balls
Preston Church to second
Batting: RHB T.J. Kaufman 0-0: Foul Ball, location: 2F
0-1: Foul Ball, location: 2F
0-2: Ball
1-2: Ball
2-2: Strikes out swinging
Batting: RHB Matt Bascombe 0-0: Ball
1-0: Ball
2-0: Ground out 5-3 (Groundball, 56S)
Top of the 9th over - 0 run(s), 1 hit(s), 0 error(s), 2 left on base; Overland Park HS 3 - Bishop Amat HS 2
BOTTOM OF THE 9TH
Bishop Amat HS batting - Pitching for Overland Park HS Triplets : RHP Chris Smith
Pitching: LHP Christian Kane
Batting: RHB Jim Norris 0-0: Called Strike
0-1: Ball
1-1: Foul Ball, location: 2F
1-2: Foul Ball, location: 2F
1-2: Foul Ball, location: 2F
1-2: Foul Ball, location: 2F
1-2: Ball
2-2: SINGLE (Groundball, 56) (infield hit)
Batting: RHB Steve Bańuelos 0-0: Bunted foul
0-1: Bunt missed!
0-2: Ball
1-2: Grounds into double play, 6-4-3 (Groundball, 6M)
Batting: RHB Ben Martin 0-0: Ball
1-0: SINGLE (Line Drive, 34D)
Batting: RHB Andrew Miller 0-0: Called Strike
0-1: Ball
1-1: Ball
2-1: 2-RUN HOME RUN (Flyball, 78XD), Distance : 429 ft
Monday, December 5th, 2016 - OOTP Baseball 17.12 Build 75